 Dungeon Crawl Stone Soup version 0.24-b1-30-g840c9efd86 (webtiles) character file.

Game seed: 12799924801493968060, levelgen mode: deterministic

76 Mesmaeker13 the Charmwright (level 3, -1/30 HPs)
             Began as a Demigod Skald on Oct 24, 2019.
             Slain by Sigmund
             ... wielding a +2 scythe of flaming
              (3 damage)
             ... on level 2 of the Dungeon.
             The game lasted 00:03:04 (2227 turns).

Mesmaeker13 the Charmwright (Demigod Skald)         Turns: 2227, Time: 00:03:05

Health: -1/30      AC:  3    Str: 16    XL:     3   Next: 89%
Magic:  8/8        EV: 12    Int: 17    God:
Gold:   5          SH:  0    Dex: 15    Spells: 4/5 levels left

rFire    . . .     SeeInvis .   m - +1 whip (drain)
rCold    . . .     Gourm    .   (no shield)
rNeg     . . .     Faith    .   b - +0 leather armour
rPois    .         Spirit   .   (no helmet)
rElec    .         Reflect  .   h - scarf {cloud immunity}
rCorr    .         Harm     .   (no gloves)
MR       .....                  (no boots)
Stlth    +.........             (no amulet)
HPRegen  0.10/turn              (no ring)
MPRegen  0.11/turn              (no ring)

@: no status effects
A: high mp 1
a: no special abilities


You were on level 2 of the Dungeon.
You were not hungry.

You visited 1 branch of the dungeon, and saw 2 of its levels.

You collected 5 gold pieces.

Inventory:

Hand Weapons
 a - a +0 short sword
 e - a +0 hunting sling of freezing
 m - a +1 whip of draining (weapon)
Armour
 b - a +0 leather armour (worn)
 h - a scarf of cloud immunity (worn)
Jewellery
 i - an uncursed ring of fire {unknown}
Scrolls
 c - a scroll of identify {unknown}
 f - 2 scrolls of remove curse {unknown}
 g - 2 scrolls of noise {unknown}
 j - a scroll of blinking {unknown}
 k - a scroll of amnesia {unknown}
 l - a scroll of enchant weapon {unknown}
Comestibles
 d - a ration


   Skills:
 + Level 2.6 Fighting
 + Level 2.3 Short Blades
 + Level 1.7 Armour
 + Level 2.5 Dodging
 - Level 1.7 Spellcasting
 - Level 2.6 Charms


You had 4 spell levels left.
You knew the following spells:

 Your Spells              Type           Power        Failure   Level  Hunger
a - Infusion              Chrm           ##..         9%          1    #......

Your spell library contained the following spells:

 Spells                   Type           Power        Failure   Level  Hunger
 Song of Slaying          Chrm           ##......     12%         2    ###....
 Shroud of Golubria       Chrm/Tloc      #.....       22%         2    ###....
 Regeneration             Chrm/Necr      #.........   38%         3    ###....
 Spectral Weapon          Hex/Chrm       #.......     38%         3    ###....


Dungeon Overview and Level Annotations

Branches:
Dungeon (2/15)

Annotations:
D:2 Sigmund


Innate Abilities, Weirdness & Mutations

You have an increased reservoir of magic. (+10% MP)


Message History

You bump into the rock wall.
Sigmund hits you with a +2 scythe of flaming!
Sigmund burns you.
You hit Sigmund.
Sigmund is moderately wounded.
Sigmund hits you but does no damage.
You aren't carrying any potions.
Unknown command.
You hit Sigmund.
Sigmund is heavily wounded.
Sigmund hits you with a +2 scythe of flaming!
* * * LOW HITPOINT WARNING * * *
Sigmund burns you.
* * * LOW HITPOINT WARNING * * *
Unknown command.
You miss Sigmund.
Sigmund is heavily wounded.
You feel less confused.
Sigmund hits you from afar with a +2 scythe of flaming.
You die...

...# ##.#. .#.#
#... .# .#
#.#..# .# #
#.#.> ..
#...####.######
.# #<......@
..#..#
#.####.####@#..#
#.. #..<....#
#..# #..#@#.##
#... .....#.# #
#.#.......#.#
#.#.......#..
#.#######.### ..
##


You could see Sigmund.

Vanquished Creatures
  Jessica (D:1)
  A gnoll (D:2)
  An adder (D:2)
  An ooze (D:2)
  A worm (D:2)
  A dart slug (D:1)
  A giant cockroach (D:2)
  A goblin (D:1)
  6 hobgoblins (D:1)
  6 kobolds (D:1)
  A bat (D:1)
  A frilled lizard (D:1)
  2 rats (D:1)
24 creatures vanquished.

Notes
Turn   | Place    | Note
-------+----------+-------------------------------------------
     0 | D:1      | Mesmaeker13 the Demigod Skald began the quest for the Orb.
     0 | D:1      | Reached XP level 1. HP: 17/17 MP: 5/5
   480 | D:1      | Reached skill level 1 in Armour
   489 | D:1      | Reached XP level 2. HP: 14/24 MP: 7/7
  1114 | D:2      | Noticed Jessica
  1114 | D:2      | Noticed Sigmund
  1120 | D:1      | Killed Jessica
  1120 | D:1      | Reached XP level 3. HP: 24/30 MP: 8/8
  2227 | D:2      | Slain by Sigmund

Skill      XL: |  1  2 |
---------------+-------+-----
Dodging        | 2 |  2.5
Fighting       | 2 |  2.6
Armour         | 1 |  1.7
Short Blades   | 2 |  2.3
Spellcasting   | |  1.7
Charms         | |  2.6

Action                   || total
-------------------------++-------
Melee: Short sword       ||    61
       Whip              ||    33
 Cast: Infusion          ||     7
  Use: Potion            ||     1
  Eat: Chunk             ||     2
       Ration            ||     1
Armor: Leather armour    ||    20
Dodge: Dodged            ||    53
